 Dungeon Crawl Stone Soup version 0.27.1-1-g398f81649c (webtiles) character file.

Game seed: 14832841630174357842

326 speeev33 the Skirmisher (level 6, -14/57 HPs)
             Began as a Hill Orc Fighter on Sept 5, 2021.
             Demolished by an ogre (19 damage)
             ... on level 5 of the Dungeon.
             The game lasted 00:07:12 (4608 turns).

speeev33 the Skirmisher (Hill Orc Fighter)          Turns: 4608, Time: 00:07:13

Health: -14/57     AC: 12    Str: 21    XL:     6   Next: 49%
Magic:  6/6        EV:  4    Int:  8    God:
Gold:   262        SH: 11    Dex: 10    Spells: 5/5 levels left

rFire    . . .     SeeInvis .   a - +1 war axe
rCold    . . .     Faith    +   c - +1 kite shield
rNeg     . . .     Spirit   .   k - +0 plate armour
rPois    .         Reflect  .   (no helmet)
rElec    .         Harm     .   b - +0 cloak
rCorr    .         Rampage  .   (no gloves)
Will     .....                  (no boots)
Stlth    ..........             j - amulet of faith
HPRegen  0.19/turn              (no ring)
MPRegen  0.10/turn              (no ring)

@: lethally poisoned (-14 -> -18)
A: no striking features
a: no special abilities


You were on level 5 of the Dungeon.
You visited 1 branch of the dungeon, and saw 5 of its levels.

You collected 262 gold pieces.

Inventory:

Hand Weapons
 a - a +1 war axe (weapon)
Missiles
 d - 5 boomerangs (quivered)
Armour
 b - a +0 cloak (worn)
 c - a +1 kite shield (worn)
 k - a +0 plate armour (worn)
Jewellery
 j - an amulet of faith (around neck)
Wands
 i - a wand of digging (1)
Potions
 e - 4 potions of curing
 f - a potion of brilliance {unknown}
 g - 2 potions of degeneration
 h - 2 potions of ambrosia {unknown}
 l - 2 potions of mutation {unknown}
 m - 2 potions of flight {unknown}
 o - a potion of haste {unknown}


   Skills:
 + Level 5.8 Fighting
 + Level 5.4 Axes
 - Level 3.2 Armour
 + Level 5.1 Shields


You had 5 spell levels left.
You didn't know any spells.
Your spell library contained the following spells:

 Spells                   Type           Power      Damage    Failure   Level
 Sandblast                Erth           0%         2d4       100%        1
 Passwall                 Tmut/Erth      0%         N/A       100%        2
 Lee's Rapid Deconstruct  Erth           0%         3d5*      100%        5


Dungeon Overview and Level Annotations

Branches:
Dungeon (5/15)
 Temple: D:4-7

Altars:
Gozag
Sif Muna
Zin


Message History

The poisoned dart hits you!
You are more poisoned.
You barely miss the kobold.
You feel very sick. You block the kobold's attack.
The kobold barely misses you.
You closely miss the kobold brigand. You barely miss the kobold.
You feel very sick. You block the kobold's attack.
You block the kobold brigand's attack.
A kobold comes into view.
It is wielding a +0 dagger and quivering poisoned darts.
You hit the kobold brigand.
The kobold brigand is moderately wounded.
You hit the kobold.
You kill the kobold!
You feel very sick. You block the kobold brigand's attack.
You block the ogre's attack.
The kobold brigand hits you but does no damage.
You feel sick.
A kobold comes into view. It is wielding a +0 dagger.
The kobold brigand throws a poisoned dart.
The poisoned dart hits you!
You are more poisoned.
You slash the ogre!
The ogre is heavily wounded.
You feel very sick. You block the ogre's attack.
You barely miss the ogre.
The ogre is heavily wounded.
You feel very sick. You block the ogre's attack.
You hit the ogre.
The ogre is severely wounded.
You feel very sick.
The ogre hits you with a +0 giant club!!
* * * LOW HITPOINT WARNING * * *
You hit the ogre but do no damage.
The ogre is severely wounded.
* * * LOW HITPOINT WARNING * * *
You feel sick.
The ogre hits you with a +0 giant club!!
You die...

## ## .. #.# .#
... #. #.# .#
#.###K# #.#.OK#
#.#@#K# #...#Z..#
#########
#.#####K#
#......># #...#
.... #.#####.#
##..#.# ...
#.#####.####....#
...
#.##.........#.##
...
#.##.##.####.#.#
#.##.##.# #.#.#


You could see an ogre and 2 kobolds.

Vanquished Creatures
  An ogre (D:5)
  A kobold brigand (D:4)
  A scorpion (D:4)
  A hound skeleton (D:4)
  An adder (D:3)
  A howler monkey skeleton (D:5)
  An adder skeleton (D:4)
  4 worms
  A dart slug (D:1)
  An orc (D:4)
  10 ball pythons
  5 endoplasms
  4 giant cockroaches
  4 goblins
  9 hobgoblins
  5 jackals
  8 kobolds
  2 bats
  2 frilled lizards
  3 rats
65 creatures vanquished.

Vanquished Creatures (others)
  A ball python (D:3)
1 creature vanquished.

Grand Total: 66 creatures vanquished

Notes
Turn   | Place    | Note
-------+----------+-------------------------------------------
     0 | D:1      | speeev33 the Hill Orc Fighter began the quest for the Orb.
     0 | D:1      | Reached XP level 1. HP: 19/19 MP: 1/1
   320 | D:1      | Reached XP level 2. HP: 27/27 MP: 2/2
   394 | D:1      | Found a faded altar of an unknown god.
   831 | D:1      | Reached XP level 3. HP: 33/33 MP: 3/3
  2538 | D:3      | Found a glowing silver altar of Zin.
  2689 | D:3      | Reached XP level 4. HP: 41/41 MP: 4/4
  3375 | D:3      | Found an opulent altar of Gozag.
  3826 | D:4      | Noticed a scorpion
  3842 | D:4      | Killed a scorpion
  3843 | D:4      | Reached skill level 5 in Fighting
  3843 | D:4      | Reached XP level 5. HP: 45/48 MP: 5/5
  3991 | D:4      | Noticed a kobold brigand
  4008 | D:4      | Killed a kobold brigand
  4009 | D:4      | Reached skill level 5 in Axes
  4009 | D:4      | Reached XP level 6. HP: 43/52 MP: 6/6
  4337 | D:5      | Entered Level 5 of the Dungeon
  4349 | D:5      | Reached skill level 5 in Shields
  4477 | D:5      | Found a shimmering blue altar of Sif Muna.
  4608 | D:5      | Demolished by an ogre

Illustrated notes

Levels and vault maps discovered:
D:1:      dpeg_arrival_brainrot, layout_loops_corners,
          hellmonk_ecumenical_altar_heavens_door, minivault_26
D:2:      minmay_door_path, layout_basic, grunt_decor_junction
D:3:      layout_basic, pdpol_temple_overflow_zin_treasury_gozag_greed,
          chequers_serial_rivers_small_3, lemuel_flame_loot_1
D:4:      cheibrodos_thug_alley, layout_basic, minmay_misc_feat_more_columns
D:5:      layout_loops_ring, nicolae_sif_muna_condensation

Skill      XL: |  1  2  3  4  5  6 |
---------------+-------------------+-----
Axes           | 3 4 5 |  5.4
Fighting       | 4 5 |  5.8
Shields        | 4 5 |  5.1
Armour         | |  3.2

Action                   |  1- 3 |  4- 6 || total
-------------------------+-------+-------++-------
Melee: War axe           |   134 |    89 ||   223
  Use: Scroll            |     4 |     4 ||     8
       Potion            |       |     1 ||     1
 Stab: Fleeing           |     1 |       ||     1
Armor: Scale mail        |    29 |       ||    29
       Plate armour      |    20 |    60 ||    80
       Chain mail        |    11 |       ||    11
Dodge: Dodged            |    31 |    12 ||    43
Block: Kite shield       |    67 |    62 ||   129
